 Dungeon Crawl Stone Soup version 0.18.1-50-g88ac8fd (webtiles) character file.

58 Stendarr the Magician (level 3, 0/31 HPs)
             Began as a High Elf Air Elementalist on Oct 24, 2016.
             Succumbed to an adder's poison
             ... on level 2 of the Dungeon.
             The game lasted 00:07:28 (1442 turns).

Stendarr the Magician (High Elf Air Elementalist)   Turns: 1442, Time: 00:07:30

Health: 0/31       AC:  2    Str: 16    XL:     3   Next: 75%
Magic:  9/9        EV: 13    Int: 19    God:
Gold:   67         SH:  0    Dex: 16    Spells: 2 memorised, 7 levels left

rFire  . . .     SeeInvis .     f - +2 dagger (vamp)
rCold  . . .     Gourm    .     a - +0 robe
rNeg   . . .     Faith    .     (no shield)
rPois  .         Spirit   .     (no helmet)
rElec  .         Dismiss  .     (no cloak)
rCorr  .         Reflect  .     (no gloves)
SustAt .         Harm     .     (no boots)
MR     .....                    (no amulet)
Stlth  ..........               (no ring)
                                d - +4 ring of strength

@: berserking, lethally poisoned (0 -> -9), repel missiles, very quick, not
resistant to hostile enchantments, extremely unstealthy
A: no striking features
a: no special abilities


You were on level 2 of the Dungeon.
You were not hungry.

You visited 1 branch of the dungeon, and saw 2 of its levels.

You collected 67 gold pieces.

Inventory:

Hand Weapons
 e - a +0 short sword
 f - a +2 vampiric dagger (weapon)
Armour
 a - a +0 robe (worn)
Jewellery
 d - a +4 ring of strength (left hand)
Scrolls
 i - a scroll of immolation {unknown}
 j - 2 scrolls of remove curse {unknown}
 n - a scroll of recharging {unknown}
 q - a scroll of amnesia {unknown}
Potions
 h - a potion of brilliance {unknown}
 k - a potion of heal wounds {unknown}
 m - a potion of experience {unknown}
 p - a potion of flight {unknown}
Books
 b - a book of Air

   Spells                             Type                      Level
   a - Shock                          Conjuration/Air              1
   b - Swiftness                      Charms/Air                   2
   c - Repel Missiles                 Charms/Air                   2
   d - Static Discharge               Conjuration/Air              3
   e - Lightning Bolt                 Conjuration/Air              5
Comestibles
 c - a bread ration
 g - 2 meat rations


   Skills:
 + Level 2.8 Dodging
 - Level 2.1 Stealth
 * Level 4.3 Spellcasting
 - Level 1.1 Conjurations
 - Level 3.6 Air Magic


You had 7 spell levels left.
You knew the following spells:

 Your Spells              Type           Power        Failure   Level  Hunger
a - Shock                 Conj/Air       ##..         8%          1    None
b - Repel Missiles        Chrm/Air       ##....       12%         2    #......


Dungeon Overview and Level Annotations

Branches:
Dungeon (2/15)

Altars:


Message History

You feel sick. The giant cockroach barely misses you.
You barely miss the giant cockroach.
* * * LOW HITPOINT WARNING * * *
You feel sick.
The giant cockroach bites you but does no damage.
You hit the giant cockroach.
You feel better.
The giant cockroach is moderately wounded.
* * * LOW HITPOINT WARNING * * *
You feel sick.
The giant cockroach bites you but does no damage.
You hit the giant cockroach.
You kill the giant cockroach!
* * * LOW HITPOINT WARNING * * *
You feel sick.
Things that are here:
a giant cockroach corpse; an adder corpse Drink which item? (? for menu, Esc to quit)
A red film seems to cover your vision as you go berserk!
You feel yourself moving faster!
You feel mighty!
You die...

####.#.# #.#.#
#.#.# #.#.#
########.#)#
.........#.#
###........######.#
#.###.####........
## #@#####.# #.#
#.# #(# #.# ... #.#
#.#


There were no monsters in sight!

Vanquished Creatures
  Ijyb (D:2)
  An adder (D:2)
  A giant gecko (D:1)
  3 giant cockroaches
  A goblin (D:2)
  4 hobgoblins
  A ball python (D:2)
  2 bats (D:1)
  2 giant newts (D:1)
  4 kobolds (D:1)
  3 rats (D:1)
23 creatures vanquished.

Notes
Turn   | Place    | Note
--------------------------------------------------------------
     0 | D:1      | Stendarr the High Elf Air Elementalist began the quest for the Orb.
     0 | D:1      | Reached XP level 1. HP: 11/11 MP: 4/4
   227 | D:1      | Reached skill level 3 in Spellcasting
   303 | D:1      | Reached XP level 2. HP: 12/17 MP: 5/7
   358 | D:1      | Learned a level 2 spell: Repel Missiles
   999 | D:2      | Noticed Ijyb
  1114 | D:2      | Killed Ijyb
  1114 | D:2      | Reached skill level 4 in Spellcasting
  1114 | D:2      | Reached XP level 3. HP: 7/21 MP: 0/9
  1436 | D:2      | HP: 1/21 [poisoned by an adder]
  1442 | D:2      | Succumbed to an adder's poison

Skill      XL: |  1  2 |
---------------+-------+-----
Spellcasting   | 3 4 |  4.3
Dodging        | |  2.8
Stealth        | |  2.1
Conjurations   | |  1.1
Air Magic      | |  3.6

Action                   || total
-------------------------++-------
Melee: Short sword       ||    17
       Dagger            ||    23
 Cast: Shock             ||    43
       Repel Missiles    ||     1
  Use: Potion            ||     6
 Stab: Sleeping          ||     1
  Eat: Bread ration      ||     1
       Beef jerky        ||     1
       Chunk             ||     1
Armor: Robe              ||    11
       Skin              ||     2
Dodge: Dodged            ||    46
